 Dungeon Crawl Stone Soup version 0.31-a0-1549-g5ff9445e89 (console) character file.

Game seed: 18029184665406555179

298 jejorda2 the Chopper (level 6, -2/53 HPs)
             Began as a Gnoll Berserker on Jan 2, 2024.
             Was a Believer of Trog.
             Slain by an orc
             ... wielding a +2 whip of flaming
              (5 damage)
             ... on level 3 of the Dungeon.
             The game lasted 00:07:05 (2163 turns).

jejorda2 the Chopper (Gnoll Berserker)              Turns: 2163, Time: 00:07:06

Health: -2/53      AC:  7    Str: 18    XL:     6   Next: 36%
Magic:  9/9        EV: 11    Int:  7    God:    Trog [**....]
Gold:   61         SH:  0    Dex: 11    Spells: 9/9 levels left

rFire   . . .        a - +0 war axe
rCold   . . .        (no shield)
rNeg    . . .        s - +0 scale mail
rPois   .            (no helmet)
rElec   .            (no cloak)
rCorr   .            (no gloves)
SInv    .            (no boots)
Will    ++...        (no amulet) Stlth
                     (no ring)
HPRegen 1.28/turn    (no ring)
MPRegen 0.11/turn

%: no passive effects
@: strong-willed, on berserk cooldown, regenerating
A: fangs 1, strong nose, distributed training
a: Renounce Religion, Berserk, Trog's Hand


You were on level 3 of the Dungeon.
You worshipped Trog.
Trog was pleased with you.
You visited 1 branch of the dungeon, and saw 3 of its levels.

You collected 100 gold pieces.
You spent 39 gold pieces at shops.

Inventory:

Hand Weapons
 a - a +0 war axe (weapon)
 n - a +0 flail
Missiles
 c - 32 stones (quivered)
 f - 7 poisoned darts
Armour
 s - a +0 scale mail (worn)
Wands
 b - a wand of roots (4)
Scrolls
 d - a scroll of fog {unknown}
 h - 3 scrolls of identify {unknown}
 j - a scroll of vulnerability {unknown}
 k - a scroll of noise {unknown}
 l - a scroll of enchant armour {unknown}
Potions
 g - a potion of enlightenment {unknown}
 i - 5 potions of heal wounds {unknown}
 m - a potion of berserk rage {unknown}
 o - a potion of attraction {unknown}
 p - a potion of degeneration {unknown}
 q - a potion of haste {unknown}
 r - a potion of curing


   Skills:
 + Level 6.8 Fighting
 + Level 2.0 Short Blades
 + Level 2.0 Long Blades
 + Level 6.8 Axes
 + Level 2.0 Maces & Flails
 + Level 2.0 Polearms
 + Level 2.0 Staves
 + Level 2.0 Ranged Weapons
 + Level 2.0 Throwing
 + Level 5.0 Armour
 + Level 5.0 Dodging
 + Level 2.0 Stealth
 + Level 2.0 Shields
 + Level 2.0 Unarmed Combat
 + Level 2.0 Spellcasting
 + Level 1.6 Conjurations
 + Level 1.6 Hexes
 + Level 1.6 Summonings
 + Level 1.6 Necromancy
 + Level 1.6 Translocations
 + Level 1.6 Fire Magic
 + Level 1.6 Ice Magic
 + Level 1.6 Air Magic
 + Level 1.6 Earth Magic
 + Level 1.6 Alchemy
 + Level 2.2 Invocations
 + Level 2.0 Evocations
 + Level 1.8 Shapeshifting


You had 9 spell levels left.
You didn't know any spells.
Your spell library was empty.

Dungeon Overview and Level Annotations

Branches:
Dungeon (3/15)

Altars:
Wu Jian

Shops:
D:3 !

Annotations:
D:1 Loot past water


Innate Abilities, Weirdness & Mutations

You have very sharp teeth.
Your uncanny sense of smell can sniff out nearby items.
Your experience applies equally to all skills.


Message History

The orc wizard is moderately wounded.
You closely miss the orc. You hit the orc.
Your skin stops crawling.
You feel less strong-willed.
The orc wizard splashes around in the water.
The orc hits you with a +2 whip of flaming.
The orc burns you.
* * * LOW HITPOINT WARNING * * *
The orc misses you.
The orc wizard hits you with a +0 dagger.
* * * LOW HITPOINT WARNING * * *
Unknown command.
Your skin crawls.
You feel strong-willed.
The orc hits you with a +2 whip of flaming.
* * * LOW HITPOINT WARNING * * *
The orc burns you.
* * * LOW HITPOINT WARNING * * *
The orc misses you.
The orc wizard hits you with a +0 dagger.
* * * LOW HITPOINT WARNING * * *
You hit the orc wizard. You bite the orc wizard.
The orc wizard is severely wounded.
You hit the orc but do no damage. You slash the orc!
You kill the orc!
Trog accepts your kill.
You hear a splash.
The orc hits you with a +2 whip of flaming.
* * * LOW HITPOINT WARNING * * *
The orc burns you.
* * * LOW HITPOINT WARNING * * *
The orc wizard hits you with a +0 dagger.
* * * LOW HITPOINT WARNING * * *
You slash the orc wizard!
You kill the orc wizard!
Trog accepts your kill.
Trog appreciates your killing of a magic user.
You hear a splash. x2
You barely miss the orc.
The orc hits you with a +2 whip of flaming.
You die...

... .......) #.#
####.### ##.## #
######.).######## ###
#......#o##....~♣♣♣♣♣.>
#......#.#....♣~~~~~~~#
#......#..♣♣~~P≈~~~P~P#
#...#o##♣♣~~~P≈≈≈~~~P♣#
#.....@♣~~P~≈≈≈~~~~~~~~
#.....))~~P~~≈~~~~~~P~~
#......♣~~~~~~~P~~~~~~~
##......P~~~~...~....~.
#......###.............
#......# .............P
#.#...#. .....~..~~~~~~
#.#### . ..♣P~~~~~P~~♣
. #♣~~~♣♣~~♣♣


You could see an orc.

Vanquished Creatures
  A phantom (D:3)
  An orc priest (D:3)
  3 orc wizards (D:3)
  6 adders
  A shadow imp (D:3)
  A dart slug (D:3)
  2 ribbon worms
  10 orcs (D:3)
  5 ball pythons
  8 endoplasms
  2 giant cockroaches (D:3)
  3 goblins
  4 hobgoblins
  9 jackals
  2 quokkas (D:3)
  6 bats
  2 frilled lizards (D:2)
  A kobold (D:2)
  3 rats (D:1)
70 creatures vanquished.

Notes
Turn   | Place    | Note
-------+----------+-------------------------------------------
     0 | D:1      | jejorda2 the Gnoll Berserker began the quest for the Orb.
     0 | D:1      | Reached XP level 1. HP: 23/23 MP: 1/1
   191 | D:1      | Reached XP level 2. HP: 28/29 MP: 2/2
   741 | D:2      | Reached XP level 3. HP: 34/35 MP: 3/3
   767 | D:2      | Found a faded altar of an unknown god.
   850 | D:2      | Identified the +0 robe of the Spheres {+Inv MP+9 Int+3}
   867 | D:2      | Reached skill level 1 in Invocations
  1087 | D:2      | Reached ** piety under Trog
  1088 | D:2      | Reached skill level 1 in Short Blades
  1088 | D:2      | Reached skill level 1 in Long Blades
  1088 | D:2      | Reached skill level 1 in Maces & Flails
  1088 | D:2      | Reached skill level 1 in Polearms
  1088 | D:2      | Reached skill level 1 in Staves
  1088 | D:2      | Reached skill level 1 in Ranged Weapons
  1088 | D:2      | Reached skill level 1 in Throwing
  1088 | D:2      | Reached skill level 1 in Stealth
  1088 | D:2      | Reached skill level 1 in Shields
  1088 | D:2      | Reached skill level 1 in Unarmed Combat
  1088 | D:2      | Reached skill level 1 in Spellcasting
  1088 | D:2      | Reached skill level 1 in Evocations
  1414 | D:3      | Found Firoshrou's Distillery.
  1433 | D:3      | Bought a potion of curing for 39 gold pieces
  1531 | D:3      | Reached skill level 1 in Shapeshifting
  1531 | D:3      | Reached XP level 4. HP: 26/41 MP: 5/5
  1591 | D:3      | Noticed a phantom
  1600 | D:3      | Killed a phantom
  1601 | D:3      | Reached skill level 1 in Conjurations
  1601 | D:3      | Reached skill level 1 in Hexes
  1601 | D:3      | Reached skill level 1 in Summonings
  1601 | D:3      | Reached skill level 1 in Necromancy
  1601 | D:3      | Reached skill level 1 in Translocations
  1601 | D:3      | Reached skill level 1 in Fire Magic
  1601 | D:3      | Reached skill level 1 in Ice Magic
  1601 | D:3      | Reached skill level 1 in Air Magic
  1601 | D:3      | Reached skill level 1 in Earth Magic
  1601 | D:3      | Reached skill level 1 in Alchemy
  1601 | D:3      | Reached XP level 5. HP: 47/47 MP: 5/7
  1773 | D:3      | Reached XP level 6. HP: 53/53 MP: 8/8
  1939 | D:3      | Reached skill level 5 in Armour
  1939 | D:3      | Reached skill level 5 in Dodging
  1995 | D:3      | Found an ornate altar of the Wu Jian Council.
  2162 | D:3      | HP: 2/53 [orc wizard/+0 dagger (3)]
  2163 | D:3      | Slain by an orc

Illustrated notes

Levels and vault maps discovered:
D:1:      minmay_arrival_floating_metal, layout_rooms, serial_forest,
          infiniplex_forest_corner_1, infiniplex_forest_end_2,
          infiniplex_forest_clump_double, infiniplex_forest_straight_3,
          infiniplex_forest_clump_curved
D:2:      layout_loops_ring, ebering_ecumenical_altar_abandoned
D:3:      layout_loops_cross, mainiacjoe_overflow_surrounded_room,
          nicolae_overflow_hidden_temple, serial_shops, shop,
          serial_bayou_ford_a, st_stairs_7, nicolae_half_adder

Skill      XL: |  1  2  3  4  5  6 |
---------------+-------------------+-----
Invocations    | 1 2 |  2.2
Short Blades   | 1 2 |  2.0
Long Blades    | 1 2 |  2.0
Maces & Flails | 1 2 |  2.0
Polearms       | 1 2 |  2.0
Staves         | 1 2 |  2.0
Ranged Weapons | 1 2 |  2.0
Throwing       | 1 2 |  2.0
Stealth        | 1 2 |  2.0
Shields        | 1 2 |  2.0
Unarmed Combat | 1 2 |  2.0
Spellcasting   | 1 2 |  2.0
Evocations     | 1 2 |  2.0
Shapeshifting  | 1 |  1.8
Conjurations   | 1 |  1.6
Hexes          | 1 |  1.6
Summonings     | 1 |  1.6
Necromancy     | 1 |  1.6
Translocations | 1 |  1.6
Fire Magic     | 1 |  1.6
Ice Magic      | 1 |  1.6
Air Magic      | 1 |  1.6
Earth Magic    | 1 |  1.6
Alchemy        | 1 |  1.6
Armour         | 5 |  5.0
Dodging        | 5 |  5.0
Fighting       | |  6.8
Axes           | |  6.8

Action                     |  1- 3 |  4- 6 || total
---------------------------+-------+-------++-------
  Melee: Hand axe          |    70 |       ||    70
         Bite              |    13 |     2 ||    15
         War axe           |    28 |    86 ||   114
         Punch             |     2 |     1 ||     3
 Invoke: Berserk           |       |     2 ||     2
         Trog's Hand       |       |     2 ||     2
 Armour: Ring mail         |    49 |    14 ||    63
         Animal skin       |     2 |       ||     2
         Scale mail        |       |    48 ||    48
  Dodge: Dodged            |    65 |    67 ||   132

Table legend: (Time is in decaauts)
 A = Elapsed time spent in this place.
 B = Non-inter-level travel time spent in this place.
 C = Inter-level travel time spent in this place.
 D = Time resting spent in this place.
 E = Time spent auto-exploring this place.
 F = Levels seen in this place.
 G = Mean time per level.
                   A        B        C        D        E       F      G
               +--------+--------+--------+--------+--------+-----+--------+
         Total |   2226 |   2180 |     46 |     47 |   1650 |   3 |  742.0 |
       Dungeon |   2226 |   2180 |     46 |     47 |   1650 |   3 |  742.0 |
               +--------+--------+--------+--------+--------+-----+--------+

Top non-repeatable levels by time:
     D:3: 802 daAuts
     D:1: 746 daAuts
     D:2: 677 daAuts
